 Dungeon Crawl Stone Soup version 0.31-a0-1-g4198be8af4 (webtiles) character file.

Game seed: 16317905913629716908

52 NinjaNoafa the Covered (level 3, -1/49 HPs)
             Began as an Armataur Fighter on May 2, 2023.
             Slain by a gnoll
             ... wielding a +0 halberd
              (10 damage)
             ... on level 2 of the Dungeon.
             The game lasted 00:02:05 (690 turns).

NinjaNoafa the Covered (Armataur Fighter)            Turns: 690, Time: 00:02:05

Health: -1/49      AC: 21    Str: 23    XL:     3   Next: 60%
Magic:  3/3        EV:  1    Int:  8    God:
Gold:   50         SH:  4    Dex:  9    Spells: 2/2 levels left

rFire   . . .        (no weapon)
rCold   . . .        c - +0 buckler
rNeg    . . .        b - melded +0 scale mail
rPois   +            (helmet currently unavailable)
rElec   .            (cloak currently unavailable)
rCorr   .            (gloves currently unavailable)
SInv    .            (no barding)
Will    .....        (no amulet)
Stlth   +            (no ring)
HPRegen 0.28/turn    (no ring)
MPRegen 0.08/turn

%: roll
@: tree-form
A: stationary, stasis, torment immunity, boosted hp, large, rugged brown scales
3, (deformed body), (armoured tail), roll, long tongue, awkward tongue
a: no special abilities


You were on level 2 of the Dungeon.
You were a tree.
You visited 1 branch of the dungeon, and saw 2 of its levels.

You collected 50 gold pieces.

Inventory:

Hand Weapons
 a - a +0 flail
Missiles
 i - 3 poisoned darts (quivered)
Armour
 b - a +0 scale mail (melded)
 c - a +0 buckler (worn)
Scrolls
 e - a scroll of magic mapping {unknown}
 f - a scroll of teleportation {unknown}
 j - a scroll of identify {unknown}
Potions
 d - a potion of might
 g - a potion of mutation {unknown}
 h - a potion of lignification
 k - a potion of haste {unknown}


   Skills:
 + Level 3.2 Fighting
 + Level 2.4 Maces & Flails
 - Level 4.0 Armour
 + Level 3.9 Shields


You had 2 spell levels left.
You didn't know any spells.
Your spell library contained the following spells:

 Spells                   Type           Power      Damage    Failure   Level
 Animate Dead             Necr           0%         N/A       99%         4
 Haunt                    Necr/Summ      0%         N/A       100%        7
 Infestation              Necr           0%         N/A       100%        8


Dungeon Overview and Level Annotations

Branches:
Dungeon (2/15)

Altars:


Innate Abilities, Weirdness & Mutations

You are a tree.
Your roots penetrate the ground, keeping you stationary.
You cannot be teleported.
You are immune to unholy pain and torment.
Your maximum health is greatly increased.
Your equipment is partially melded.
(You are completely covered in rugged brown scales. (AC +3, +7% HP))
((Armour fits poorly on your strangely shaped body.))
((You have a long armoured tail.))
You roll when moving toward enemies. (Rampage)
Your long tongue fully drains potion bottles. (2x potion effects)
Your tongue gives you trouble enunciating. (1.5x scroll delay)


Message History

You see here 17 gold pieces.
You block the quokka's attack. The quokka attacks as you move away!
The quokka bites you but does no damage.
You closely miss the quokka.
The quokka bites you but does no damage.
You closely miss the quokka.
The quokka bites you but does no damage.
You block the quokka's attack.
You sock the quokka!
You kill the quokka!
The ball python bites you but does no damage.
You thump the ball python!
You kill the ball python!
You block the gnoll's attack. The gnoll hits you with a +0 club!
You sock the gnoll!
The gnoll is heavily wounded.
The gnoll hits you but does no damage. The gnoll closely misses you.
You completely miss the gnoll.
Your tail-slap misses the gnoll.
The gnoll is heavily wounded.
The gnoll hits you with a +0 club! You block the gnoll's attack.
You sock the gnoll!
You kill the gnoll!
The gnoll hits you from afar with a +0 halberd!
* * * LOW HITPOINT WARNING * * *
The gnoll barely misses you. The gnoll hits you with a +0 whip.
* * * LOW HITPOINT WARNING * * *
Unknown command.
Unknown command.
Unknown command.
It was a potion of lignification.
You turn into a tree.
Your +0 scale mail melds into your body.
Your roots penetrate the ground.
You slurp down every last drop of the potion of lignification!
You block the gnoll's attack. The gnoll hits you but does no damage.
You are now empty-handed.
You smack the gnoll!
You kill the gnoll!
The gnoll hits you from afar with a +0 halberd!
You die...

##....+ #....# ## ...... #....#
#. ...... #....# # #. ......
##....# #.##.### ###......
......# ....... ....g.... ......#
....## #[......$ ....###
#####+#####..####........
....#####!......♣)g..............
.####..[........#####.$..........
.# # ###.......# #.#..>....... .#
#.##...)....# #.#.#........ .#
#...........# #.#.#.####### .#
####†).......# #...#.#
.#######.........# ###.#.#
.................# #.#.#
#########........# #.#.#


You could see a gnoll.

Vanquished Creatures
  2 gnolls (D:2)
  5 ball pythons
  2 endoplasms (D:1)
  A giant cockroach (D:1)
  6 goblins (D:1)
  5 quokkas
  5 bats
  3 frilled lizards (D:1)
  7 kobolds
  3 rats
39 creatures vanquished.

Vanquished Creatures (others)
  10 plants (D:1)
10 creatures vanquished.

Grand Total: 49 creatures vanquished

Notes
Turn   | Place    | Note
-------+----------+-------------------------------------------
     0 | D:1      | NinjaNoafa the Armataur Fighter began the quest for the
                  | Orb.
     0 | D:1      | Reached XP level 1. HP: 19/19 MP: 1/1
    98 | D:1      | Reached XP level 2. HP: 22/26 MP: 2/2
   225 | D:1      | Reached skill level 4 in Armour
   454 | D:1      | Reached XP level 3. HP: 33/33 MP: 3/3
   690 | D:2      | Slain by a gnoll

Illustrated notes

Levels and vault maps discovered:
D:1:      lemuel_arrival_behind_the_door_small, layout_rooms, serial_bayou,
          serial_bayou_crossing, serial_bayou_shore_b, serial_bayou_pond_a,
          serial_bayou_shore_a, serial_bayou_lagoon_a
D:2:      layout_basic, shapermc_ecumenical_altar_petra

Skill      XL: |  1  2 |
---------------+-------+-----
Maces & Flails | 2 |  2.4
Fighting       | 3 |  3.2
Armour         | 4 |  4.0
Shields        | |  3.9

Action                     || total
---------------------------++-------
  Melee: Flail             ||   118
         Tailslap          ||     9
         Unarmed           ||     1
    Use: Potion            ||     1
 Armour: Scale mail        ||    99
         Skin              ||     1
  Dodge: Dodged            ||    62
  Block: Buckler           ||    36

Table legend: (Time is in decaauts)
 A = Elapsed time spent in this place.
 B = Non-inter-level travel time spent in this place.
 C = Inter-level travel time spent in this place.
 D = Time resting spent in this place.
 E = Time spent auto-exploring this place.
 F = Levels seen in this place.
 G = Mean time per level.
                   A        B        C        D        E       F      G
               +--------+--------+--------+--------+--------+-----+--------+
         Total |    728 |    707 |     21 |      0 |    431 |   2 |  364.0 |
       Dungeon |    728 |    707 |     21 |      0 |    431 |   2 |  364.0 |
               +--------+--------+--------+--------+--------+-----+--------+

Top non-repeatable levels by time:
     D:1: 609 daAuts
     D:2: 118 daAuts
